 Dungeon Crawl Stone Soup version 0.31-a0-1576-ga3383bade6 (webtiles) character file.

Game seed: 4780957503745282085

4060 Lobster4 the Skirmisher (level 10, -1/91 HPs)
             Began as a Minotaur Hunter on Jan 4, 2024.
             Succumbed to their own poison gas
             ... in a bailey on Jan 5, 2024.
             The game lasted 00:28:07 (7776 turns).

Lobster4 the Skirmisher (Minotaur Hunter)           Turns: 7776, Time: 00:28:08

Health: -1/91      AC:  6    Str: 22    XL:     10   Next: 4%
Magic:  9/9        EV: 11    Int:  6    God:
Gold:   564        SH:  5    Dex: 18    Spells: 9/9 levels left

rFire   + . .        D - +0 orcbow
rCold   . . .        (shield currently unavailable)
rNeg    . . .        h - +1 ring mail
rPois   .            (helmet restricted)
rElec   .            (no cloak)
rCorr   .            (no gloves)
SInv    .            (no boots)
Will    .....        j - amulet of reflection
Stlth   +            w - +6 ring of strength
HPRegen 0.35/turn    e - ring of protection from fire
MPRegen 0.11/turn

%: reflection
@: lethally poisoned (-1 -> -20), studying Conjurations
A: horns 2, retaliatory headbutt
a: no special abilities


You were in a bailey.
You visited 1 branch of the dungeon, and saw 9 of its levels.
You also visited: Bailey.

You collected 564 gold pieces.

Inventory:

Hand Weapons
 a - a +0 shortbow
 b - the +5 whip "Jehovy" {freeze, *Corrode Fly Will+++ Dex-5}
   (You found it on level 7 of the Dungeon)

   Dex-5:     It affects your dexterity (-5).
   Will+++:   It greatly increases your willpower.
   Fly:       It grants you flight.
   *Corrode:  It may corrode you when you take damage.
 g - a +2 falchion of electrocution
 i - a +4 long sword
 k - a +0 short sword of venom
 t - a +4 dagger of venom
 D - a +0 orcbow (weapon)
Missiles
 f - 54 poisoned darts
 s - 2 curare-tipped darts
 x - 11 boomerangs
 z - 4 atropa-tipped darts
 C - 2 darts of dispersal
Armour
 c - a +0 leather armour
 h - a +1 ring mail (worn)
Magical Staves
 u - a staff of conjuration
Jewellery
 e - a ring of protection from fire (right hand)
 j - an amulet of reflection (around neck)
 n - a ring of protection from fire
 w - a +6 ring of strength (left hand)
 y - a ring of wizardry
 A - an amulet of faith
 B - a ring of positive energy
Wands
 E - a wand of flame (4)
Scrolls
 d - a scroll of fog
 o - a scroll of teleportation
 r - a scroll of enchant armour
Potions
 m - 2 potions of magic
 p - a potion of might
Miscellaneous
 v - a phantom mirror (inert)


   Skills:
 + Level 9.3 Fighting
 - Level 3.0 Long Blades
 * Level 12.4 Ranged Weapons
 + Level 0.6 Throwing
 - Level 2.0 Armour
 - Level 2.1 Dodging
 - Level 1.0 Stealth
 - Level 4.0 Conjurations
 - Level 3.0 Evocations


You had 9 spell levels left.
You didn't know any spells.
Your spell library contained the following spells:

 Spells                   Type           Power      Damage    Failure   Level
 Sting                    Conj/Alch      8%         1d3       34%         1
 Sandblast                Erth           0%         2d4       63%         1
 Dazzling Flash           Conj/Hex       4%         N/A       71%         3
 Mercury Vapours          Alch/Air       0%         N/A       77%         2
 Tukima's Dance           Hex            0%         N/A       94%         3
 Olgreb's Toxic Radiance  Alch           0%         N/A       100%        4
 Passage of Golubria      Tloc           0%         N/A       100%        4
 Yara's Violent Unravell  Hex/Alch       0%         3d3       100%        5
 Bombard                  Conj/Erth      1%         9d1       100%        6


Dungeon Overview and Level Annotations

Branches:
Dungeon (9/15)               Lair (0/5) D:9          Bailey (1/1)
 Temple: D:4-7          Orc: D:9-12

Altars:
Dithmenos
Fedhas
Kikubaaqudgha
Qazlal
Wu Jian

Annotations:
D:2 Terence
D:4 Pikel
D:5 Sigmund
D:6 1 runed translucent door, zenocrate's ghost, novice VSEn


Innate Abilities, Weirdness & Mutations

You have a pair of horns on your head.
You reflexively headbutt those who attack you in melee.


Message History

Your orc knight hits the orc warrior but does no damage.
Your orc knight hits the orc warrior with a +0 war axe!
The orc warrior barely misses you.
The orc warrior hits your orc knight with a +0 war axe!
You shoot an arrow. The arrow hits the orc warrior.
The orc warrior is heavily wounded.
The orc warrior hits your orc knight with a +0 war axe!
You shoot an arrow.
The arrow hits the orc warrior but does no damage.
The orc warrior is heavily wounded.
Your orc knight barely misses the orc warrior.
Your orc knight closely misses the orc knight.
Your orc knight hits the orc warrior but does no damage.
The orc warrior barely misses you.
The orc warrior hits your orc knight with a +0 war axe!
Your orc knight dies!
Your orc knight's corpse shimmers and vanishes!
The orc knight hits you with a +0 war axe!
The air fills with toxic fumes!
As you read the scroll labelled ZEEFAAN QIUD, it crumbles to dust.
It was a scroll of poison.
The orc knight hits you with a +0 war axe!
The orc warrior hits you with a +0 war axe!!
Okay, then.
Okay, then.
You are engulfed in poison gas.
You are poisoned.
You feel very sick.
You are engulfed in poison gas.
You are more poisoned.
* * * LOW HITPOINT WARNING * * *
You feel extremely sick.
The orc knight is engulfed in poison gas.
The orc knight is poisoned.
The orc knight attacks as it pursues you!
The orc knight hits you with a +0 war axe!!
* * * LOW HITPOINT WARNING * * *
You feel better.
You are engulfed in poison gas.
You are lethally poisoned!
* * * LOW HITPOINT WARNING * * *
You die...

##..∩..## ##'''##
#.).# #§§§# #§§§#
####§§§####
##§§§§§§§§§##
#####§§§§§§§§§§§#####
#..§§§§§§@§§§§§§§...#
#.###§§§§o§§§§§§###.#
#..§§§§§§§o§§§§§§...#
#.###§§§§§).§§§§###.#
#..§§§§§§§§§§§§§§...#
#.###§§§§§o§§§§§###.#
#...§§§§§§§§§§§§§...#
#.###§§§§§§§§§§§###.#
#....~~.......~~....#


You could see an orc knight (poisoned) and 2 orc warriors.

Vanquished Creatures
  A two-headed ogre (D:9)
  A troll (D:9)
  2 wyverns (D:9)
  2 orc warriors (Bailey)
  An ice beast (D:5)
  A sky beast (D:7)
  2 black bears
  2 centaurs
  2 phantoms
  A lemure (D:4)
  7 kobold brigands
  A bullfrog (D:9)
  A scorpion (D:6)
  12 wights
  A howler monkey (D:7)
  2 bombardier beetles
  4 hounds
  An orc priest (D:6)
  4 iguanas
  Natasha (thrice) (D:4)
  6 orc wizards
  2 gnolls (D:8)
  14 adders
  2 dart slugs (D:4)
  2 ribbon worms (D:3)
  19 orcs
  6 ball pythons
  6 bats
  5 endoplasms
  A giant cockroach (D:4)
  9 goblins
  3 hobgoblins
  22 kobolds
  A quokka (D:2)
  2 frilled lizards
  4 rats
155 creatures vanquished.

Vanquished Creatures (collateral kills)
  A scorpion (D:6)
1 creature vanquished.

Grand Total: 156 creatures vanquished

Notes
Turn   | Place    | Note
-------+----------+-------------------------------------------
     0 | D:1      | Lobster4 the Minotaur Hunter began the quest for the Orb.
     0 | D:1      | Reached XP level 1. HP: 18/18 MP: 0/0
   159 | D:1      | Reached skill level 1 in Stealth
   201 | D:1      | Reached XP level 2. HP: 25/25 MP: 1/1
   246 | D:1      | Found a faded altar of an unknown god.
   729 | D:2      | Reached skill level 1 in Armour
   877 | D:2      | Noticed Terence
  1253 | D:3      | Found an ancient bone altar of Kikubaaqudgha.
  1388 | D:3      | Reached skill level 5 in Ranged Weapons
  1388 | D:3      | Reached XP level 3. HP: 28/31 MP: 2/2
  1802 | D:3      | Reached XP level 4. HP: 34/38 MP: 3/3
  2485 | D:4      | Noticed a phantom
  2502 | D:4      | Killed a phantom
  2503 | D:4      | Reached skill level 6 in Ranged Weapons
  2503 | D:4      | Reached XP level 5. HP: 37/46 MP: 4/4
  2801 | D:4      | Reached XP level 6. HP: 53/53 MP: 5/5
  2812 | D:4      | Noticed Natasha
  2820 | D:4      | Killed Natasha
  2926 | D:4      | Reached skill level 7 in Ranged Weapons
  2976 | D:4      | Found a blossoming altar of Fedhas.
  3188 | D:4      | Noticed Natasha
  3196 | D:4      | Killed Natasha
  3220 | D:4      | Noticed Pikel
  3443 | D:4      | Reached skill level 5 in Fighting
  3615 | D:5      | Entered Level 5 of the Dungeon
  3668 | D:4      | Noticed Natasha
  3684 | D:4      | Killed Natasha
  3921 | D:5      | Noticed Sigmund
  4265 | D:5      | Reached skill level 1 in Evocations
  4265 | D:5      | Reached XP level 7. HP: 60/61 MP: 6/6
  4311 | D:5      | Reached skill level 8 in Ranged Weapons
  4825 | D:6      | Identified a scroll of acquirement
  4825 | D:6      | Acquired a manual of Conjurations
  4851 | D:6      | Found a runed translucent door.
  4852 | D:6      | Noticed zenocrate's ghost (novice VSEn)
  4896 | D:6      | Reached skill level 1 in Long Blades
  4916 | D:6      | Reached XP level 8. HP: 45/70 MP: 7/7
  5225 | D:6      | HP: 3/71 [black bear (1)]
  5232 | D:6      | Reached skill level 1 in Conjurations
  5558 | D:6      | Got Tiaphuv's Atlas of the Impact and Breccia
  5889 | D:7      | Identified the +5 whip "Jehovy" {freeze, *Corrode Fly
                  | Will+++ Dex-5}
  5891 | D:7      | Found a stormy altar of Qazlal.
  5909 | D:7      | Reached skill level 9 in Ranged Weapons
  5996 | D:7      | You fall into a shaft and drop 2 floors!
  6179 | D:9      | Noticed a two-headed ogre
  6198 | D:9      | Found a shadowy altar of Dithmenos.
  6230 | D:9      | Reached skill level 10 in Ranged Weapons
  6242 | D:9      | Reached XP level 9. HP: 24/79 MP: 8/8
  6451 | D:9      | Found an ornate altar of the Wu Jian Council.
  6484 | D:9      | Noticed a kobold demonologist
  6484 | D:9      | Noticed a kobold demonologist
  6558 | D:9      | Killed a two-headed ogre
  6593 | D:9      | Reached skill level 11 in Ranged Weapons
  6608 | D:9      | Noticed a troll
  6692 | D:9      | Killed a troll
  7125 | D:8      | Found a flagged portal.
  7277 | D:8      | Reached skill level 12 in Ranged Weapons
  7333 | Bailey   | Entered a bailey
  7595 | Bailey   | Reached XP level 10. HP: 48/91 MP: 9/9
  7746 | Bailey   | Noticed an orc knight
  7775 | Bailey   | HP: 1/91 [orc knight/+0 war axe (22)]
  7776 | Bailey   | Succumbed to their own poison gas

Illustrated notes

Levels and vault maps discovered:
D:1:      nagdon_arrival_zigzag_paths, layout_rooms,
          shapermc_ecumenical_altar_mp_vishouse, grunt_decor_resistance
D:2:      wad_crossroads, layout_basic, serial_rivers,
          chequers_serial_rivers_micro_a, chequers_serial_rivers_micro_a,
          chequers_serial_rivers_large_a, chequers_serial_rivers_small_3,
          chequers_serial_rivers_large_b, chequers_serial_rivers_room_b,
          uniq_terence
D:3:      wad_lake_hut, layout_loops_corners, mainiacjoe_overflow_paths
D:4:      layout_layer_cave, fedhas_altar_2, skrybe_limestone_x,
          kennysheep_path_1, hangedman_minor_gate_pass, uniq_natasha, uniq_pikel
D:5:      layout_basic, uniq_sigmund
D:6:      layout_loops_corners, gammafunk_ghost_grave
D:7:      layout_rooms, nicolae_uskayaw_dance_hall,
          nicolae_qazlal_beasts_of_the_sky, minmay_temple_entry_offerings,
          enter_ossuary_1, minmay_ruffians, uniq_maurice,
          uniq_crazy_yiuf_cottage
D:8:      layout_loops_ring, lemuel_crystal_altar, gammafunk_ghost_cemetery,
          enter_bailey_7, abandoned_shop, uniq_jeremiah
D:9:      layout_basic, mainiacjoe_overflow_concentric_impassable,
          nzn_wu_jian_council_hall, david_lair_generic
Bailey:   bailey_axe_3, bailey

Skill      XL: |  1  2  3  4  5  6  7  8  9 |
---------------+----------------------------+-----
Stealth        | 1 |  1.0
Armour         | 1 2 |  2.0
Fighting       | 3 4 5 6 7 9 |  9.3
Ranged Weapons | 5 6 7 8 10 12 | 12.4
Evocations     | 1 2 3 |  3.0
Long Blades    | 1 3 |  3.0
Conjurations   | 3 4 |  4.0
Throwing       | |  0.6
Dodging        | |  2.1

Action                     |  1- 3 |  4- 6 |  7- 9 | 10-12 || total
---------------------------+-------+-------+-------+-------++-------
  Melee: Shortbow          |       |       |     1 |       ||     1
         Long sword        |       |       |     4 |       ||     4
         Headbutt          |       |       |     1 |       ||     1
   Fire: Shortbow          |    88 |   231 |   447 |       ||   766
         Orcbow            |       |       |    27 |    13 ||    40
  Throw: Dart              |       |       |       |     4 ||     4
  Evoke: Wand              |       |       |     6 |       ||     6
         Phantom mirror    |       |       |       |     1 ||     1
    Use: Scroll            |     3 |     7 |    11 |     1 ||    22
         Potion            |       |     1 |     8 |     1 ||    10
 Armour: Ring mail         |    14 |    93 |   143 |     6 ||   256
         Skin              |       |       |    15 |       ||    15
  Dodge: Dodged            |    13 |    64 |    97 |     3 ||   177
  Block: Other             |    14 |    27 |    68 |     1 ||   110
         Reflection        |       |     2 |     6 |       ||     8

Table legend: (Time is in decaauts)
 A = Elapsed time spent in this place.
 B = Non-inter-level travel time spent in this place.
 C = Inter-level travel time spent in this place.
 D = Time resting spent in this place.
 E = Time spent auto-exploring this place.
 F = Levels seen in this place.
 G = Mean time per level.
                   A        B        C        D        E       F      G
               +--------+--------+--------+--------+--------+-----+--------+
         Total |   7889 |   7532 |    357 |   1348 |   4008 |  10 |  788.9 |
       Dungeon |   7439 |   7082 |    357 |   1124 |   4008 |   9 |  826.6 |
        Bailey |    449 |    449 |      0 |    224 |      0 |   1 |  449.0 |
               +--------+--------+--------+--------+--------+-----+--------+

Top non-repeatable levels by time:
     D:4: 1455 daAuts
     D:6: 1423 daAuts
     D:3: 1265 daAuts
     D:9: 879 daAuts
     D:2: 694 daAuts
     D:5: 655 daAuts
     D:1: 524 daAuts
  Bailey: 449 daAuts
     D:8: 432 daAuts
     D:7: 110 daAuts
